Selects Advanced Infantry Battlegroup
Construct Medical Station
Construct Weapon Support Center
Selects Artillery Observers
Selects Convert to Ranger Squad
M3 Armored Personnel Carrier
Selects Designate Assault Position
Designate Assault Position
Selects Ranger Weapon Training
Designate Assault Position
Selects M2A1 105mm Howitzer Emplacement
M4(105) Sherman Bulldozer
Selects 155mm Rapid Artillery Barrage